 Dungeon Crawl Stone Soup version 0.14-a0-2119-ge69afc6 (webtiles) character file.

555 Bloax the Insei (level 7, -6/35 HPs)
             Began as a Vine Stalker Monk on Jan 26, 2014.
             Was a Believer of Cheibriados.
             Mangled by an orc warrior
             ... wielding a +0,+1 orcish halberd
              (23 damage)
             ... on Level 5 of the Dungeon.
             The game lasted 00:08:48 (1790 turns).

Bloax the Insei (Vine Stalker Monk)                 Turns: 1790, Time: 00:08:49

HP  -6/35        AC  7     Str 18      XL: 7   Next: 22%
MP   0/9         EV 12     Int 14      God: Cheibriados [**....]
Gold 30          SH  0     Dex 22      Spells:  0 memorised,  6 levels left

rFire  . . .     SeeInvis .       - Unarmed
rCold  . . .     Clarity  .     c - +0 orc ring mail
rNeg   . . .     Conserve .     (no shield)
rPois  .         rCorr    .     (no helmet)
rElec  .         rRot     +     p - +0 cloak
SustAb . .       Spirit   +     n - +0 pair of elf gloves
rMut   .         Warding  .     (no boots)
Saprov . . .     Stasis   .     (no amulet)
MR     .....                    (no ring)
                                (no ring)

@: very slow, not resistant to hostile enchantments, fairly stealthy
A: fangs 2, regeneration 2, magic shield, antimagic bite, no device heal
a: Bend Time, Renounce Religion


You were on level 5 of the Dungeon.
You worshipped Cheibriados.
Cheibriados was pleased with you.
You were not hungry.

You visited 2 branches of the dungeon, and saw 6 of its levels.

You collected 49 gold pieces.
You spent 19 gold pieces at shops.


Innate Abilities, Weirdness & Mutations

You have extremely sharp teeth.
You heal very quickly.
When hurt, damage is shared between your health and your magic reserves.
Your bite disrupts and absorbs the magic of your enemies.
Potions and wands cannot restore your HP.


   Skills:
 - Level 2.6 Fighting
 + Level 4.1 Dodging
 - Level 2.4 Stealth
 * Level 7.4 Unarmed Combat


You had 6 spell levels left.
You didn't know any spells.

Dungeon Overview and Level Annotations

Branches:
Dungeon (5/16)             Temple (1/1) D:4

Altars:
Cheibriados
Dithmengos
Elyvilon
Fedhas
Kikubaaqudgha
Nemelex Xobeh
Okawaru
Sif Muna
Trog
Vehumet
Xom
Yredelemnul
Zin
The Shining One

Shops:
D:4 [

Inventory:

Missiles
 s - 5 steel javelins (quivered)
Armour
 c - a +0 orcish ring mail (worn)
   (You found it on level 1 of the Dungeon)
 m - a +0 pair of gloves
   (You found it on level 3 of the Dungeon)
 n - a +0 pair of elven gloves (worn)
   (You found it on level 4 of the Dungeon)
 p - a +0 cloak (worn)
   (You bought it in a shop on level 4 of the Dungeon)
Magical devices
 r - a wand of paralysis (11)
   (You found it on level 4 of the Dungeon)
Comestibles
 b - a bread ration
Scrolls
 f - a scroll of amnesia {unknown}
 g - a scroll of identify {unknown}
 h - a scroll of fear {unknown}
 i - a scroll of curse weapon {unknown}
 j - a scroll of fog {unknown}
 q - a scroll of remove curse {unknown}
 t - a scroll of enchant weapon II {unknown}
Potions
 a - a potion of heal wounds {unknown}
 d - 2 potions of degeneration {unknown}
 e - 3 potions of curing {unknown}
 k - a potion of magic {unknown}
 l - a potion of might {unknown}
 o - a potion of berserk rage {unknown}
Books
 u - a book of the Warp
   (You found it on level 5 of the Dungeon)

   Spells                             Type                      Level
   Recall                             Summoning/Translocation      3
   Control Teleport                   Charms/Translocation         4
   Phase Shift                        Translocation                5
   Warp Weapon                        Charms/Translocation         5
   Dispersal                          Translocation                6
   Controlled Blink                   Translocation                7
   Disjunction                        Translocation                8

+........._
#........P. ##
#######'... #.
#....### ##.####
###'#### #.....#
#......# #.....#
#####......#
#.....####...'.....<#
#....l@....###......#
#...o!###### #......+
#...oo# #......#
#.....# ########
#######


You could see an orc warrior, 2 orcs and a giant gecko.


Message History

You punch the orc!
You kill the orc!
Cheibriados appreciates the change of pace.
You punch the orc!
You kill the orc!
Cheibriados appreciates the change of pace.
No target in view!
No target in view!
No target in view!
Things that are here:
an orcish whip; an orcish leather armour
u - a book of the Warp
Okay, then.
As you open the door, it creaks loudly!
There is an open door here.
You open the door.
A quokka comes into view.
There is an open door here.
The quokka bites you but does no damage.
You punch the quokka!
You kill the quokka!
Cheibriados thoroughly appreciates the change of pace.
You open the door.
There is an open door here.
You open the door.
Found a dagger.
There is an open door here.
As you open the door, it creaks loudly!
There is an open door here.
You open the door.
Found a basalt altar of Yredelemnul.
There is an open door here.
Found a stone staircase leading up.
You open the door.
There is an open door here.
You open the door.
Found a stone staircase leading up.
There is an open door here.
You open the door.
There is an open door here.
Found 2 oily inky potions.
An orc comes into view. It is wielding an orcish dagger.
A giant gecko comes into view.
The giant gecko moves out of view.
An orc comes into view. It is wielding an orcish short sword.
An orc warrior comes into view. It is wielding an orcish halberd.
The giant gecko bites you but does no damage.
The orc warrior barely misses you.
The orc warrior hits you with an orcish halberd!
Ouch! That really hurt!
* * * LOW HITPOINT WARNING * * *
The giant gecko barely misses you.
You see here 2 oily inky potions.
Unknown command.
Read which item? (? for menu, Esc to quit)
Okay, then.
Use which ability? (? or * to list)
You fail to use your ability.
The giant gecko barely misses you. The orc warrior completely misses you.
Use which ability? (? or * to list)
The flow of time bends around you.
Cheibriados rebukes the orc warrior.
The orc warrior seems to slow down.
Cheibriados rebukes the giant gecko.
The giant gecko seems to slow down.
You feel slightly more hungry.
The giant gecko bites you but does no damage.
The orc barely misses you.
The orc warrior hits you from afar with an orcish halberd!
Ouch! That really hurt!
You die...

Action                   |  1- 3 |  4- 6 |  7- 9 || total
-------------------------+-------+-------+-------++-------
Melee: Unarmed           |    72 |   136 |    14 ||   222
Throw: Javelin           |     3 |    11 |       ||    14
       Throwing net      |       |     1 |       ||     1
Invok: Bend Time         |       |       |     1 ||     1
Evoke: Wand              |       |     1 |     2 ||     3
 Stab: Held in net/web   |       |     2 |       ||     2
       Paralysed         |       |       |     2 ||     2

Vault maps used:
D:1:      saegor_arrival_simple_D, minmay_misc_feat_diagonals,
          minmay_misc_feat_rugged
D:2:      minmay_misc_feat_roman, uniq_sigmund, uniq_iyjb
D:4:      minmay_temple_entry_enclosed_plants, serial_shops,
          nicolae_shop_overgrown_old_shop, first_bread
D:5:      yredelemnul_altar_generic
Temple:   kilobyte_greek_temple_15

Notes
Turn   | Place    | Note
--------------------------------------------------------------
     0 | D:1      | Bloax, the Vine Stalker Monk, began the quest for the Orb.
     0 | D:1      | Reached XP level 1. HP: 11/11 MP: 1/1
   118 | D:2      | Reached XP level 2. HP: 16/16 MP: 3/3
   401 | D:3      | Reached XP level 3. HP: 10/19 MP: 4/4
   564 | D:2      | Noticed Sigmund
   586 | D:2      | Killed Sigmund
   586 | D:2      | Reached skill level 3 in Dodging
   586 | D:2      | Reached skill level 5 in Unarmed Combat
   586 | D:2      | Reached XP level 4. HP: 9/23 MP: 5/5
   694 | D:2      | Reached XP level 5. HP: 24/27 MP: 7/7
  1167 | D:3      | Reached skill level 6 in Unarmed Combat
  1256 | D:4      | Found Kiaph's Antique Armour Boutique.
  1273 | D:4      | Bought a cloak for 19 gold pieces
  1354 | D:4      | Gained mutation: You heal very quickly. [vine stalker growth]
  1354 | D:4      | Reached XP level 6. HP: 16/32 MP: 3/8
  1529 | D:4      | Found a staircase to the Ecumenical Temple.
  1537 | Temple   | Entered the Ecumenical Temple
  1570 | Temple   | Became a worshipper of Cheibriados the Contemplative
  1642 | D:4      | Reached skill level 7 in Unarmed Combat
  1646 | D:4      | Reached skill level 4 in Dodging
  1646 | D:4      | Reached XP level 7. HP: 30/35 MP: 7/9
  1691 | D:5      | Entered Level 5 of the Dungeon
  1761 | D:5      | Found a basalt altar of Yredelemnul.
  1790 | D:5      | Mangled by an orc warrior

Vanquished Creatures
  An ogre (D:5)
  Sigmund (D:2)
  A hound (D:4)
  3 orc priests
  2 orc wizards
  2 worker ants (D:4)
  An ogre skeleton (D:4)
  4 gnolls (D:4)
  3 adders
  A giant mite (D:3)
  A worm (D:2)
  A giant gecko (D:4)
  9 orcs
  2 giant cockroaches
  5 goblins
  4 hobgoblins
  3 jackals (D:1)
  4 quokkas
  7 bats
  A giant newt (D:2)
  A jackal skeleton (D:5)
  3 kobolds
  A kobold skeleton (D:4)
  3 rats
64 creatures vanquished.
